 Dungeon Crawl Stone Soup version 0.31-a0-237-g2d982f9f85 (webtiles) character file.

Game seed: 15767105322348000163

21 lunkers the Caller (level 3, -2/26 HPs)
             Began as a Meteoran Wanderer on July 11, 2023.
             Succumbed to an adder's poison
             ... on level 2 of the Dungeon.
             The game lasted 00:03:27 (450 turns).

lunkers the Caller (Meteoran Wanderer)               Turns: 450, Time: 00:03:27

Health: -2/26      AC:  2    Str: 13    XL:     3   Next: 20%
Magic:  6/8        EV: 11    Int: 14    God:
Gold:   25         SH:  0    Dex: 15    Spells: 4/8 levels left

rFire   . . .        a - +0 sling
rCold   . . .        (no shield)
rNeg    . . .        e - +0 robe
rPois   .            (no helmet)
rElec   .            (no cloak)
rCorr   .            (no gloves)
SInv    .            (no boots)
Will    .....        (no amulet)
Stlth   +            (no ring)
HPRegen 0.24/turn    (no ring)
MPRegen 0.11/turn

%: no passive effects
@: mighty, lethally poisoned (-2 -> -13), glowing
A: sense surroundings 1, otherworldly, glowing, explore regen
a: no special abilities


You were on level 2 of the Dungeon.
You visited 1 branch of the dungeon, and saw 2 of its levels.

You collected 25 gold pieces.

Inventory:

Hand Weapons
 a - a +0 sling (weapon)
 c - a +0 dagger
Missiles
 b - 10 poisoned darts
Armour
 e - a +0 robe (worn)
Jewellery
 k - a ring of willpower
Scrolls
 g - a scroll of blinking {unknown}
 h - a scroll of enchant weapon {unknown}
 i - a scroll of vulnerability {unknown}
 j - 2 scrolls of identify {unknown}
 l - a scroll of revelation {unknown}
Potions
 d - a potion of berserk rage


   Skills:
 - Level 2.1 Ranged Weapons
 - Level 1.2 Throwing
 + Level 3.2 Spellcasting
 * Level 5.5 Summonings
 - Level 1.2 Evocations


You had 4 spell levels left.
You knew the following spells:

 Your Spells              Type           Power      Damage    Failure   Level
a - Summon Small Mammal   Summ           68%        N/A       2%          1
b - Call Canine Familiar  Summ           17%        N/A       6%          3

Your spell library contained the following spells:

 Spells                   Type           Power      Damage    Failure   Level
 Beastly Appendage        Tmut           4%         N/A       22%         1
 Wereblood                Tmut           2%         N/A       32%         2
 Spider Form              Tmut/Pois      2%         N/A       54%         3
 Summon Ice Beast         Ice/Summ       10%        N/A       56%         4


Dungeon Overview and Level Annotations

Branches:
Dungeon (2/15) Zot: 731

Altars:


Innate Abilities, Weirdness & Mutations

You passively map a small area around you.
You are easily found by Zot.
You glow in the dark.
You regain HP and MP as you explore.


Message History

You are more poisoned.
The adder poisons you!
Your hound misses the adder. The adder bites you.
* * * LOW HITPOINT WARNING * * *
You are lethally poisoned!
The adder poisons you!
Fire: a) +0 sling
Press: ? - help, Q - select action, (/) - cycle Shift-Dir - straight line, p - adder Really fire in your hound's direction? [Y]es or [N]o only, please.
Really fire in your hound's direction?
Okay, then.
* * * LOW HITPOINT WARNING * * *
You feel very sick.
Your hound barely misses the adder.
The adder bites you.
* * * LOW HITPOINT WARNING * * *
Your hound barely misses the adder.
It was a potion of might.
You feel very mighty all of a sudden.
* * * LOW HITPOINT WARNING * * *
You feel very sick. The adder bites you.
* * * LOW HITPOINT WARNING * * *
Your hound bites the adder.
Fire: a) +0 sling
Press: ? - help, Q - select action, (/) - cycle Shift-Dir - straight line You shoot a sling bullet.
The sling bullet closely misses the adder.
* * * LOW HITPOINT WARNING * * *
You feel very sick.
Your hound misses the adder. The adder bites you.
* * * LOW HITPOINT WARNING * * *
You are more poisoned.
The adder poisons you! The adder barely misses you.
Your hound closely misses the adder.
Fire: a) +0 sling
Press: ? - help, Q - select action, (/) - cycle Shift-Dir - straight line, f - adder
Aim: an adder (severely wounded, ally target, 35% to hit)
You shoot a sling bullet.
The sling bullet barely misses the adder.
You die...

###............ ,
***#.<........###.#
,, *
*#.##.##........# ,
*, #, ##.######.. ,
, #.# , , * #.# * ,
##.## * * *
#####hS.## * , ,
........@.#
####.......# ,
...........# ,
............+ *
##..........#
#.#.......## ,
#.##.....## , ,
##...## *


You could see an adder (ally target) and a friendly hound (summoned).

Vanquished Creatures
  An endoplasm (D:1)
  A giant cockroach (D:1)
  A goblin (D:1)
  A hobgoblin (D:1)
  A kobold (D:1)
  2 ball pythons (D:1)
  3 bats
  2 frilled lizards (D:1)
  3 rats
15 creatures vanquished.

Vanquished Creatures (collateral kills)
  A bat (D:2)
  A goblin (D:1)
  A hobgoblin (D:1)
  A kobold (D:1)
  A rat (D:1)
5 creatures vanquished.

Grand Total: 20 creatures vanquished

Notes
Turn   | Place    | Note
-------+----------+-------------------------------------------
     0 | D:1      | lunkers the Meteoran Wanderer began the quest for the Orb.
     0 | D:1      | lunkers set off with the following items: a +0 sling, 10
                  | poisoned darts, a +0 dagger, a potion of berserk rage, a +0
                  | robe; and the following spell memorised: Summon Small
                  | Mammal; and the following spells available to memorise:
                  | Call Canine Familiar, Summon Ice Beast.
     0 | D:1      | Reached XP level 1. HP: 14/14 MP: 5/5
    50 | D:1      | Reached skill level 5 in Summonings
    63 | D:1      | Reached XP level 2. HP: 7/20 MP: 6/6
   198 | D:1      | Reached XP level 3. HP: 23/26 MP: 8/8
   202 | D:1      | Learned a level 3 spell: Call Canine Familiar
   449 | D:2      | HP: 1/26 [adder (1)]
   450 | D:2      | Succumbed to an adder's poison

Illustrated notes

Levels and vault maps discovered:
D:1:      shiori_arrival_oz, layout_rooms
D:2:      layout_loops_corners, minmay_tiny_reverse_x, uniq_sigmund

Skill      XL: |  1  2 |
---------------+-------+-----
Summonings     | 5 |  5.5
Spellcasting   | 3 |  3.2
Ranged Weapons | |  2.1
Throwing       | |  1.2
Evocations     | |  1.2

Action                     || total
---------------------------++-------
   Fire: Sling             ||    64
  Throw: Dart              ||     1
   Cast: Summon Small Mamm ||     5
         Call Canine Famil ||     3
    Use: Potion            ||     1
 Armour: Robe              ||    17
  Dodge: Dodged            ||    25

Table legend: (Time is in decaauts)
 A = Elapsed time spent in this place.
 B = Non-inter-level travel time spent in this place.
 C = Inter-level travel time spent in this place.
 D = Time resting spent in this place.
 E = Time spent auto-exploring this place.
 F = Levels seen in this place.
 G = Mean time per level.
                   A        B        C        D        E       F      G
               +--------+--------+--------+--------+--------+-----+--------+
         Total |    468 |    468 |      0 |      0 |    264 |   2 |  234.0 |
       Dungeon |    468 |    468 |      0 |      0 |    264 |   2 |  234.0 |
               +--------+--------+--------+--------+--------+-----+--------+

Top non-repeatable levels by time:
     D:1: 370 daAuts
     D:2: 98 daAuts
